 Dungeon Crawl Stone Soup version 0.20.0-14-g326068f (webtiles) character file.

54 Rrauwl the Poker (level 3, 3/29 HPs)
             Began as a Merfolk Abyssal Knight on June 8, 2017.
             Was a Follower of Lugonu.
             Got out of the dungeon alive.
             The game lasted 00:03:40 (710 turns).

Rrauwl the Poker (Merfolk Abyssal Knight)            Turns: 710, Time: 00:03:40

Health: 3/29       AC:  4    Str: 18    XL:     3   Next: 91%
Magic:  4/4        EV: 13    Int: 11    God:    Lugonu [*.....]
Gold:   66         SH:  0    Dex: 13    Spells: 2/2 levels left

rFire    . . .     SeeInvis .   d - +2 great mace (venom)
rCold    . . .     Gourm    .   (shield currently unavailable)
rNeg     . . .     Faith    .   b - +0 leather armour
rPois    .         Spirit   .   (no helmet)
rElec    .         Reflect  .   (no cloak)
rCorr    .         Harm     .   n - +0 pair of gloves (curse)
MR       .....                  (no boots)
Stlth    +.........             (no amulet)
Regen    0.1/turn               (no ring)
MPRegen  0.1/turn               (no ring)

@: mighty, lethally poisoned (3 -> 0), flying, hasted, very quick
A: change form in water, swift swim, stealthy swim
a: Depart the Abyss, Renounce Religion


You escaped.
You worshipped Lugonu.
Lugonu was aware of your devotion.
You were not hungry.

You visited 1 branch of the dungeon, and saw 1 of its levels.
You visited the Abyss 1 time.

You collected 66 gold pieces.

Inventory:

Hand Weapons
 a - a +1 spear
 d - a +2 great mace of venom (weapon)
 m - a +0 whip
 p - a +0 club
 q - a +0 club
 r - a +0 short sword
Armour
 b - a +0 leather armour (worn)
 l - a +0 leather armour
 n - a cursed +0 pair of gloves (worn)
Wands
 e - a wand of iceblast (5/15)
Scrolls
 g - a scroll of fear {unknown}
 h - a scroll of remove curse {unknown}
 i - 3 scrolls of amnesia {unknown}
 j - a scroll of teleportation {unknown}
Comestibles
 c - a bread ration
 f - 7 chunks of flesh


   Skills:
 + Level 3.5 Fighting
 + Level 3.9 Polearms
 + Level 1.4 Armour
 + Level 3.7 Dodging
 - Level 2.0 Invocations


You had 2 spell levels left.
You didn't know any spells.

Dungeon Overview and Level Annotations

Branches:
Dungeon (1/15)

Altars:


Message History

You feel sick.
* * * LOW HITPOINT WARNING * * *
You feel sick.
Okay, then.
You aren't carrying any potions.
* * * LOW HITPOINT WARNING * * *
You feel sick.
* * * LOW HITPOINT WARNING * * *
You feel sick.
* * * LOW HITPOINT WARNING * * *
You feel sick.
You reach down and open the door.
There is an open door here.
* * * LOW HITPOINT WARNING * * *
You feel sick.
* * * LOW HITPOINT WARNING * * *
You feel sick.
There is a staircase leading out of the dungeon here.
Are you sure you want to leave the Dungeon?
This will make you lose the game!
You have escaped!

##..# #...# #......### ##.).#
#...# #........##
##.)#.#####..# #....#.#.....
...#.....##..# ##.#.....####.
...#.....#...###........##
...#.....................#
...#.....###'#######)###.#
...#.....#..⌠...>...⌠..#.#
.........#....).@......#.#
.........+⌠....###....⌠'.##
(........#..........(..#..##.#
.........#######'#######.....#
....##...#.............#.###.#
.........#.............#.# #
#..##....#.............#.#
.........###############.#
......##.................#


There were no monsters in sight!

Vanquished Creatures
  2 oozes (D:1)
  2 leopard geckos (D:1)
  6 giant cockroaches (D:1)
  A goblin (D:1)
  5 hobgoblins (D:1)
  6 jackals (D:1)
  A ball python (D:1)
  4 bats (D:1)
  3 frilled lizards (D:1)
  5 kobolds (D:1)
  7 rats (D:1)
42 creatures vanquished.

Notes
Turn   | Place    | Note
-------+----------+-------------------------------------------
     0 | Abyss:1  | Rrauwl the Merfolk Abyssal Knight began the quest for the Orb.
     0 | Abyss:1  | Reached XP level 1. HP: 18/18 MP: 2/2
    16 | Abyss:2  | Noticed a raiju
    16 | Abyss:2  | Noticed a raiju
    56 | Abyss:2  | Noticed a thrashing horror
    59 | D:1      | Escaped the Abyss
    63 | D:1      | Found a runed door.
    85 | D:1      | Reached XP level 2. HP: 20/24 MP: 3/3
    91 | D:1      | Reached * piety under Lugonu
   111 | D:1      | Reached XP level 3. HP: 13/29 MP: 4/4
   148 | D:1      | Reached skill level 1 in Armour
   710 | D:$      | Got out of the dungeon alive.

Skill      XL: |  1  2  3 |
---------------+----------+-----
Dodging        | 3 |  3.7
Armour         | 1 |  1.4
Fighting       | |  3.5
Polearms       | |  3.9
Invocations    | |  2.0

Action                   || total
-------------------------++-------
Melee: Great mace        ||   120
Invok: Depart the Abyss  ||     1
  Use: Potion            ||     4
Armor: Leather armour    ||    54
Dodge: Dodged            ||   146
